 Dungeon Crawl Stone Soup version 0.30.0-11-gf55b779eaf (webtiles) character file.

Game seed: 2362031025905792342

182 monsoonserge the Sneak (level 5, -2/35 HPs)
             Began as a Formicid Enchanter on May 16, 2023.
             Slain by Crazy Yiuf
             ... wielding a +3 quarterstaff of chaos
              (9 damage)
             ... on level 3 of the Dungeon.
             The game lasted 00:09:06 (3077 turns).

monsoonserge the Sneak (Formicid Enchanter)         Turns: 3077, Time: 00:09:07

Health: -2/35      AC:  4    Str: 12    XL:     5   Next: 93%
Magic:  0/10       EV: 12    Int: 15    God:
Gold:   181        SH:  0    Dex: 22    Spells: 2/10 levels left

rFire   . . .        k - +0 short sword (speed)
rCold   . . .        (no shield)
rNeg    . . .        p - +0 leather armour
rPois   .            (helmet unavailable)
rElec   .            (no cloak)
rCorr   .            (no gloves)
SInv    +            f - +0 pair of boots
Will    .....        (no amulet)
Stlth   +++          m - +6 ring of dexterity
HPRegen 0.25/turn    (no ring)
MPRegen 0.12/turn

%: no passive effects
@: very slightly contaminated
A: permanent stasis, dig shafts and tunnels, antennae 3, four strong arms
a: Dig, Shaft Self


You were on level 3 of the Dungeon.
You visited 1 branch of the dungeon, and saw 3 of its levels.

You collected 181 gold pieces.

Inventory:

Hand Weapons
 a - a +1 dagger
 k - a +0 short sword of speed (weapon)
Missiles
 r - 3 poisoned darts
Armour
 b - a +0 robe
 f - a +0 pair of boots (worn)
 o - a +0 ring mail
 p - a +0 leather armour (worn)
Magical Staves
 h - a staff of death
Jewellery
 m - a +6 ring of dexterity (left hand)
Scrolls
 d - 5 scrolls of blinking {unknown}
 i - 3 scrolls of noise {unknown}
 j - 5 scrolls of identify {unknown}
 l - a scroll of fog {unknown}
 n - 2 scrolls of teleportation {unknown}
 q - a scroll of magic mapping {unknown}
Potions
 c - 3 potions of invisibility
 e - 2 potions of haste {unknown}
 g - a potion of resistance {unknown}
 s - 2 potions of might {unknown}


   Skills:
 + Level 0.1 Fighting
 + Level 1.6 Short Blades
 + Level 2.1 Dodging
 + Level 5.3 Stealth
 + Level 3.4 Spellcasting
 + Level 4.5 Hexes
 * Level 1.2 Ice Magic


You had 2 spell levels left.
You knew the following spells:

 Your Spells              Type           Power      Damage    Failure   Level
a - Ensorcelled Hibernat  Hex/Ice        22%        N/A       11%         2
b - Confusing Touch       Hex            16%        N/A       11%         3
c - Dazzling Flash        Conj/Hex       18%        N/A       28%         3

Your spell library contained the following spells:

 Spells                   Type           Power      Damage    Failure   Level
 Freeze                   Ice            24%        1d4       14%         1
 Tukima's Dance           Hex            16%        N/A       11%         3
 Frozen Ramparts          Ice            12%        1d2       41%         3
 Hailstorm                Conj/Ice       4%         3d4       50%         3


Dungeon Overview and Level Annotations

Branches:
Dungeon (3/15)

Altars:

Shops:
D:1 =

Annotations:
D:3 Crazy Yiuf


Innate Abilities, Weirdness & Mutations

You cannot be hasted, slowed, berserked, paralysed or teleported.
You can dig through walls and to a lower floor.
You have a pair of large antennae on your head. (SInv)
Your four strong arms can wield two-handed weapons with a shield.


Message History

Confirm with . or Enter, or press ? or * to list all spells.
Aiming: Ensorcelled Hibernation (safe; 11% risk of failure)
Press: ? - help, Shift-Dir - straight line, f - Crazy Yiuf
Aim: Crazy Yiuf, wielding a +3 quarterstaff of chaos and wearing a +0 cloak (chance to affect: 53%)
You miscast Ensorcelled Hibernation.
You are very lightly contaminated with residual magic.
Nothing appears to happen.
Crazy Yiuf barely misses you.
Casting: Ensorcelled Hibernation (safe; 11% risk of failure)
Confirm with . or Enter, or press ? or * to list all spells.
Aiming: Ensorcelled Hibernation (safe; 11% risk of failure)
Press: ? - help, Shift-Dir - straight line, f/p - Crazy Yiuf
Aim: Crazy Yiuf, wielding a +3 quarterstaff of chaos and wearing a +0 cloak (chance to affect: 53%) Crazy Yiuf resists with significant effort.
Crazy Yiuf says, "Two sing broken!"
Crazy Yiuf barely misses you.
Casting: Ensorcelled Hibernation (safe; 11% risk of failure)
Confirm with . or Enter, or press ? or * to list all spells.
Aiming: Ensorcelled Hibernation (safe; 11% risk of failure)
Press: ? - help, Shift-Dir - straight line, f/p - Crazy Yiuf
Aim: Crazy Yiuf, wielding a +3 quarterstaff of chaos and wearing a +0 cloak (chance to affect: 53%)
You miscast Ensorcelled Hibernation.
Nothing appears to happen.
Crazy Yiuf hits you with a +3 quarterstaff of chaos!
You resist with some effort.
Casting: Ensorcelled Hibernation (safe; 11% risk of failure)
Confirm with . or Enter, or press ? or * to list all spells.
Aiming: Ensorcelled Hibernation (safe; 11% risk of failure)
Press: ? - help, Shift-Dir - straight line, f/p - Crazy Yiuf
Aim: Crazy Yiuf, wielding a +3 quarterstaff of chaos and wearing a +0 cloak (chance to affect: 53%) Crazy Yiuf resists with significant effort.
Crazy Yiuf hits you with a +3 quarterstaff of chaos!
You are electrocuted!
* * * LOW HITPOINT WARNING * * *
Casting: Ensorcelled Hibernation (safe; 11% risk of failure)
Confirm with . or Enter, or press ? or * to list all spells.
Aiming: Ensorcelled Hibernation (safe; 11% risk of failure)
Press: ? - help, Shift-Dir - straight line, f/p - Crazy Yiuf
Aim: Crazy Yiuf, wielding a +3 quarterstaff of chaos and wearing a +0 cloak (chance to affect: 53%) Crazy Yiuf resists with significant effort.
Crazy Yiuf hits you with a +3 quarterstaff of chaos!
You die...

###....# #†# #
##..## #.# #
♣....♣ #.# #
♣...♣♣ #.# #
♣♣.♣♣ #.# ♣.♣♣
####.# #######
♣♣.♣ #....#
......# ♣.♣♣
###### #####.#
♣♣@♣ ##### #.#
#g# ######....
#.# ...
###......#..
#.# #...#
#...####....
#.# #..)#
#...........
#.# #####
#########...
#.#
#...........
#.# ###
#########...
####.#######.#
#...


You could see Crazy Yiuf.

Vanquished Creatures
  A jelly (D:3)
  A gnoll (D:1)
  7 adders
  2 white imps (D:3)
  A worm (D:2)
  2 dart slugs (D:1)
  An orc (D:3)
  5 endoplasms
  4 giant cockroaches
  5 goblins
  10 hobgoblins
  3 quokkas (D:2)
  6 ball pythons
  9 bats
  2 frilled lizards (D:2)
  A kobold (D:3)
  3 rats
63 creatures vanquished.

Notes
Turn   | Place    | Note
-------+----------+-------------------------------------------
     0 | D:1      | monsoonserge the Formicid Enchanter began the quest for the
                  | Orb.
     0 | D:1      | Reached XP level 1. HP: 13/13 MP: 3/3
    53 | D:1      | Found Hulur's Jewellery Shop.
    74 | D:1      | Found a faded altar of an unknown god.
    78 | D:1      | Reached skill level 4 in Stealth
   100 | D:1      | Reached XP level 2. HP: 19/19 MP: 5/5
   140 | D:1      | Learned a level 2 spell: Ensorcelled Hibernation
   419 | D:1      | Reached XP level 3. HP: 24/24 MP: 6/6
   423 | D:1      | Learned a level 3 spell: Confusing Touch
   919 | D:2      | Reached XP level 4. HP: 25/30 MP: 4/7
   999 | D:2      | Reached skill level 1 in Ice Magic
  1477 | D:2      | Reached skill level 5 in Stealth
  1553 | D:2      | Reached XP level 5. HP: 30/35 MP: 4/9
  2259 | D:3      | Learned a level 3 spell: Dazzling Flash
  2510 | D:3      | Found a runed translucent door.
  2511 | D:3      | Noticed Crazy Yiuf
  3077 | D:3      | Slain by Crazy Yiuf

Illustrated notes

Levels and vault maps discovered:
D:1:      ncdulo_halloftheorcs, layout_loops_cross, serial_shops, shop,
          hellmonk_ecumenical_altar_leap_of_faith, minmay_misc_feat_x,
          nrook_uturn, nrook_campfire
D:2:      minmay_inner_zag, layout_loops_corners
D:3:      layout_loops_ring, uniq_crazy_yiuf_cottage

Skill      XL: |  1  2  3  4  5 |
---------------+----------------+-----
Stealth        | 4 5 |  5.3
Hexes          | 4 |  4.5
Dodging        | 2 |  2.1
Ice Magic      | 1 |  1.2
Spellcasting   | 3 |  3.4
Fighting       | |  0.1
Short Blades   | |  1.6

Action                     |  1- 3 |  4- 6 || total
---------------------------+-------+-------++-------
  Melee: Dagger            |    54 |    37 ||    91
         Short sword       |       |    60 ||    60
   Cast: Ensorcelled Hiber |     6 |    23 ||    29
         Confusing Touch   |       |     2 ||     2
   Stab: Sleeping          |    14 |    23 ||    37
         Distracted        |     1 |       ||     1
         Confused          |       |     2 ||     2
 Armour: Robe              |    12 |    11 ||    23
         Leather armour    |       |     6 ||     6
  Dodge: Dodged            |    33 |    54 ||    87
